Map: Prion Terraces

Players

Coumbaya

  • Race: Zerg Zerg
  • League: Diamond

JWD - Winner!

  • Race: Protoss Protoss
  • League: Platinum

VOD

Have the link to the VOD?

Description

Time

  • Played on: Dec. 7, 2015, 5:41 p.m.
  • Length: 14:47
Show
View Real Time Build Order
Export as new Build Order

Coumbaya Zerg 

Build Orders: Pool First, Lurkers 

Get SALT Encoding   

  12  0:01  Drone  
  13  0:08  Drone  
  14  0:22  Drone, Extractor  
  14  0:33  Spawning Pool  
  14  0:35  Drone  
  14  0:44  Overlord  
  14  0:55  Drone, Extractor  
  15  1:03  Drone  
  16  1:20  Zergling x6  
  19  1:27  Metabolic Boost  
  19  1:31  Zergling x2  
  20  1:40  Queen  
  22  1:50  Baneling Nest  
  22  1:52  Overlord  
  21  2:05  Zergling x2  
  22  2:25  Zergling x6  
  25  2:37  Zergling x2  
  26  2:46  Hatchery  
  26  2:48  Zergling x2  
  26  3:00  Zergling x2  
  25  3:10  Zergling x6  
  27  3:20  Zergling x2  
  27  3:25  Drone  
  29  3:39  Drone  
  24  3:55  Drone x4  
  26  3:58  Drone x2  
  28  4:08  Lair  
  28  4:09  Roach Warren  
  27  4:11  Drone  
  28  4:21  Drone  
  29  4:33  Drone  
  29  4:34  Drone x5  
  35  4:54  Spine Crawler  
  35  4:55  Queen  
  35  4:56  Spine Crawler  
  35  5:00  Extractor  
  35  5:04  Drone  
  35  5:05  Overlord  
  35  5:11  Extractor  
  35  5:13  Extractor  
  33  5:20  Drone  
  33  5:21  Drone  
  35  5:32  Overseer  
  35  5:34  Drone x2  
  35  5:35  Drone x4  
  41  5:42  Drone x2  
  43  5:43  Overlord x2  
  43  5:56  Overlord  
  43  6:04  Roach x4  
  49  6:10  Roach  
  49  6:11  Roach x2  
  57  6:24  Roach x3  
  59  6:42  Roach x4, Zergling x2  
  56  6:55  Zergling x6  
  56  6:56  Zergling x2  
  57  7:11  Drone x2  
  59  7:19  Evolution Chamber x2, Glial Reconstitution  
  57  7:32  Overlord x3  
  57  7:41  Drone x2  
  59  7:50  Hatchery, Queen  
  60  7:52  Drone x5  
  60  7:53  Zerg Missile Weapons Level 1  
  60  7:57  Zerg Ground Armor Level 1  
  65  8:03  Overlord  
  65  8:14  Overlord x2  
  65  8:21  Spine Crawler  
  65  8:22  Roach  
  65  8:23  Roach  
  65  8:25  Spine Crawler  
  67  8:37  Drone  
  67  8:39  Spore Crawler  
  67  8:42  Spore Crawler  
  67  8:43  Roach x4  
  74  8:50  Infestation Pit  
  74  8:52  Hydralisk Den  
  72  9:15  Drone x5  
  77  9:20  Roach x3  
  77  9:21  Roach x2  
  87  9:26  Lurker Den  
  87  9:28  Hydralisk  
  87  9:31  Overlord  
  89  9:33  Overseer  
  89  9:34  Overseer  
  89  9:41  Spore Crawler  
  89  9:42  Drone  
  89  9:43  Drone, Spore Crawler  
  91  9:53  Roach x4  
  97  10:00  Overlord x2  
  80  10:16  Hydralisk x3  
  80  10:17  Hydralisk  
  90  10:26  Hydralisk x2  
  94  10:29  Overlord  
  92  10:46  Overlord x2  
  91  10:52  Overlord  
  91  11:05  Lurker x5  
  89  11:42  Lair  
  82  11:50  Roach Warren  
  82  11:51  Hatchery  
  80  12:00  Hatchery  
  79  12:17  Hydralisk  
  79  12:18  Hydralisk x2  
  85  12:50  Overlord x3  
  85  13:14  Drone x2  
  85  13:16  Pneumatized Carapace  
  87  13:24  Hydralisk x3  
  87  13:25  Hydralisk  
  95  13:30  Drone x2  
  95  13:33  Overseer  
Show
View Real Time Build Order
Export as new Build Order

JWD Protoss - Winner!

Build Orders: Nexus First 

Get SALT Encoding   

  12  0:01  Probe (Chrono Boost)  
  13  0:12  Probe (Chrono Boost)  
  14  0:25  Pylon  
  14  0:29  Probe (Chrono Boost)  
  15  0:44  Probe (Chrono Boost)  
  16  0:54  Probe (Chrono Boost)  
  17  1:01  Nexus  
  17  1:11  Gateway  
  17  1:14  Assimilator  
  17  1:18  Probe (Chrono Boost)  
  18  1:28  Probe (Chrono Boost)  
  18  1:30  Assimilator  
  19  1:38  Pylon  
  19  1:39  Probe (Chrono Boost)  
  20  1:50  Probe (Chrono Boost)  
  21  2:00  Probe (Chrono Boost)  
  22  2:01  Cybernetics Core  
  22  2:09  Pylon  
  22  2:11  Probe (Chrono Boost)  
  23  2:26  Probe (Chrono Boost)  
  23  2:31  Pylon  
  23  2:34  Pylon  
  23  2:38  Mothership Core (Chrono Boost)  
  23  2:41  Pylon  
  23  2:50  Gateway  
  23  2:54  Pylon  
  23  3:05  Probe x2 (Chrono Boost)  
  25  3:14  Pylon  
  25  3:15  Probe (Chrono Boost)  
  25  3:17  Warp Gate (Chrono Boost)  
  26  3:21  Pylon  
  26  3:25  Probe (Chrono Boost)  
  27  3:53  Adept x2  
  31  4:12  Robotics Facility  
  31  4:20  Adept  
  35  4:29  Adept  
  35  4:34  Gateway  
  35  4:35  Gateway  
  35  4:59  Pylon  
  35  5:01  Warp Prism (Chrono Boost)  
  37  5:17  Stalker  
  37  5:19  Stalker  
  41  5:39  Adept x2  
  45  5:44  Pylon  
  45  5:46  Pylon  
  45  5:56  Observer (Chrono Boost)  
  46  6:05  Adept x3  
  46  6:06  Adept  
  54  6:15  Observer (Chrono Boost)  
  55  6:32  Stalker x3  
  57  6:45  Stalker  
  43  6:56  Stalker x2  
  37  7:09  Adept x2  
  37  7:12  Immortal (Chrono Boost)  
  45  7:20  Stalker  
  47  7:42  Sentry  
  47  7:43  Sentry  
  51  7:45  Nexus  
  51  7:52  Sentry x2  
  55  8:10  Warp Prism (Chrono Boost)  
  57  8:22  Stalker  
  57  8:24  Sentry  
  57  8:25  Sentry  
  63  8:31  Sentry  
  65  8:54  Immortal (Chrono Boost)  
  69  9:03  Pylon  
  69  9:06  Probe  
  70  9:16  Probe  
  70  9:19  Adept  
  73  9:41  Pylon  
  73  9:53  Stalker x4  
  79  10:17  Stalker x2, Immortal (Chrono Boost)  
  79  10:20  Adept  
  89  10:30  Stalker  
  91  10:41  Stalker x2  
  95  10:45  Probe  
  95  10:47  Probe, Assimilator  
  94  11:43  Robotics Bay  
  94  11:45  Stalker x3  
  99  12:16  Observer (Chrono Boost)  
  99  12:18  Probe  
  99  12:20  Probe  
  98  12:55  Pylon  
  98  12:56  Pylon  
  98  12:58  Pylon  
  98  13:10  Nexus  
  98  13:13  Probe  
  98  13:14  Probe  
  98  13:15  Observer (Chrono Boost)  
  101  13:23  Probe  
  101  13:26  Probe  
  103  13:29  Pylon  
  103  13:32  Pylon  
  103  13:34  Probe, Pylon  
  103  13:38  Probe  
  103  13:39  Assimilator  
  105  13:44  Probe  
  106  13:55  Stalker x2  
  108  13:56  Stalker x2  
  108  14:00  Forge  
  64  14:34  Stalker  
  64  14:35  Stalker x3  
  64  14:38  Photon Cannon  
  70  14:40  Photon Cannon  
Tags
 
Add a new tag
Caveats
  • Supply blocks, unpowered buildings, or Contaminate may cause inaccurate times.
  • Supply counts are checked every 10 seconds.